 Dungeon Crawl Stone Soup version 0.30-a0-534-gdc55766716 (webtiles) character file.

Game seed: 2657074825122297205

362230 greenreed the Slayer (level 21, -3/216 HPs)
             Began as a Minotaur Fighter on Dec 24, 2022.
             Was the Champion of Makhleb.
             Slain by a vault guard
             ... wielding a +0 great sword
              (12 damage)
             ... on level 4 of the Vaults.
             The game lasted 01:55:17 (43868 turns).

greenreed the Slayer (Minotaur Fighter)            Turns: 43868, Time: 01:55:18

Health: -3/216     AC: 39    Str: 42    XL:     21   Next: 51%
Magic:  34/34      EV:  8    Int:  6    God:    Makhleb [******]
Gold:   2294       SH: 25    Dex: 10    Spells: 20/20 levels left

rFire   + . .      SeeInvis +    l - +10 demon whip "Magrekhe" {drain, Int+2}
rCold   . . .      Faith    .    O - +5 kite shield {AC+3}
rNeg    + + .      Spirit   .    H - +1 crystal plate armour "Badeptiwu" {Fly Str+4}
rPois   +          Reflect  +    D - +2 hat
rElec   .          Harm     .    b - +1 cloak {rPois}
rCorr   +          Rampage  .    q - +0 pair of gloves "Minub" {rN+ rCorr}
Will    +....                    G - +2 pair of boots of Negation {rN+ Will+ Str+3} Stlth
                                 k - amulet of reflection
HPRegen 0.56/turn                X - ring of see invisible
MPRegen 0.24/turn                F - ring of protection from fire

@: weak-willed, flying, studying Dodging
A: horns 2, retaliatory headbutt, strong 1, subdued magic 1, MP-powered wands
}: 2/15 runes: decaying, gossamer
a: Renounce Religion, Minor Destruction, Lesser Servant of Makhleb, Major
Destruction, Greater Servant of Makhleb


You were on level 4 of the Vaults.
You worshipped Makhleb.
Makhleb was exalted by your worship.
You visited 8 branches of the dungeon, and saw 38 of its levels.
You also visited: Ossuary and Ice Cave.

You collected 3831 gold pieces.
You spent 1537 gold pieces at shops.

Inventory:

Hand Weapons
 j - a +0 whip of holy wrath
 l - the +10 demon whip "Magrekhe" (weapon) {drain, Int+2}
   (You acquired it on level 10 of the Dungeon)

   A truly terrible weapon, it drains the life of any living foe it strikes.
   Int:       It affects your intelligence (+2).
Missiles
 R - 3 throwing nets
Armour
 b - a +1 cloak of poison resistance (worn)
 q - the +0 pair of gloves "Minub" (worn) {rN+ rCorr}
   (You took it off Nikola on level 4 of the Spider Nest)

   rN:        It protects you from negative energy.
   rCorr:     It protects you from acid and corrosion.
 D - a +2 hat (worn)
 G - the +2 pair of boots of Negation (worn) {rN+ Will+ Str+3}
   (You found it on level 4 of the Spider Nest)

   Str:       It affects your strength (+3).
   rN:        It protects you from negative energy.
   Will:      It increases your willpower.
 H - the +1 crystal plate armour "Badeptiwu" (worn) {Fly Str+4}
   (You bought it in a shop on level 6 of the Dungeon)

   Str:       It affects your strength (+4).
   Fly:       It grants you flight.
 O - a +5 kite shield of protection (worn)
Jewellery
 f - a +6 ring of strength
 k - an amulet of reflection (around neck)
 z - a ring of ice
 F - a ring of protection from fire (right hand)
 U - a ring of poison resistance
 X - a ring of see invisible (left hand)
Wands
 a - a wand of polymorph (11)
 o - a wand of charming (19)
 J - a wand of mindburst (14)
 Q - a wand of flame (65)
 S - a wand of digging (11)
 V - a wand of iceblast (31)
 Y - a wand of quicksilver (20)
Scrolls
 c - 5 scrolls of silence
 e - 6 scrolls of summoning
 g - 10 scrolls of enchant weapon
 m - 15 scrolls of teleportation
 r - 4 scrolls of enchant armour
 s - 4 scrolls of magic mapping
 x - 5 scrolls of fear
 B - 4 scrolls of brand weapon
 I - 5 scrolls of immolation
 K - 4 scrolls of blinking
 L - 6 scrolls of poison
 M - 3 scrolls of fog
 P - 2 scrolls of torment
Potions
 d - 9 potions of might
 h - 6 potions of ambrosia
 n - 18 potions of curing
 p - 2 potions of resistance
 t - 3 potions of heal wounds
 u - 5 potions of haste
 v - 5 potions of invisibility
 A - 6 potions of brilliance
 C - 3 potions of mutation
 E - 3 potions of magic
 T - 2 potions of berserk rage
 Z - 2 potions of cancellation
Miscellaneous
 i - a tin of tremorstones (2/2)
 w - a box of beasts
 y - a phantom mirror
 N - a lightning rod (4/4)
 W - a phial of floods


   Skills:
 * Level 24.8 Fighting
 - Level 16.0 Maces & Flails
 + Level 17.0 Armour
 + Level 2.1 Dodging
 + Level 2.6 Stealth
 + Level 21.7 Shields
 * Level 21.5 Invocations
 + Level 0.1 Evocations


You had 20 spell levels left.
You didn't know any spells.
Your spell library contained the following spells:

 Spells                   Type           Power      Damage    Failure   Level
 Magic Dart               Conj           0%         1d3       98%         1
 Necrotise                Necr           0%         1d4       98%         1
 Shock                    Conj/Air       0%         1d3       98%         1
 Slow                     Hex            0%         N/A       98%         1
 Sting                    Tmut/Pois      0%         1d3       98%         1
 Blink                    Tloc           0%         N/A       99%         2
 Cigotuvi's Dreadful Rot  Necr/Pois/Air  0%         N/A       99%         2
 Ensorcelled Hibernation  Hex/Ice        0%         N/A       99%         2
 Momentum Strike          Conj/Tloc      0%         3d8       99%         2
 Passwall                 Tmut/Erth      0%         N/A       99%         2
 Poisonous Vapours        Pois/Air       0%         N/A       99%         2
 Scorch                   Fire           0%         2d5       99%         2
 Searing Ray              Conj           0%         2d4       99%         2
 Confusing Touch          Hex            0%         N/A       100%        3
 Frozen Ramparts          Ice            0%         1d1       100%        3
 Gell's Gravitas          Tloc           0%         N/A       100%        3
 Lesser Beckoning         Tloc           0%         N/A       100%        3
 Mephitic Cloud           Conj/Pois/Air  0%         N/A       100%        3
 Swiftness                Air            0%         N/A       100%        3
 Teleport Other           Tloc           0%         N/A       100%        3
 Tukima's Dance           Hex            0%         N/A       100%        3
 Vampiric Draining        Necr           0%         2d6       100%        3
 Airstrike                Air            0%         2d(0-16)  100%        4
 Animate Armour           Summ/Erth      0%         N/A       100%        4
 Dispel Undead            Necr           0%         3d6       100%        4
 Flame Wave               Conj/Fire      0%         2d4       100%        4
 Fulminant Prism          Conj/Hex       0%         3d5       100%        4
 Ice Form                 Ice/Tmut       0%         N/A       100%        4
 Olgreb's Toxic Radiance  Pois           0%         N/A       100%        4
 Passage of Golubria      Tloc           0%         N/A       100%        4
 Petrify                  Tmut/Erth      0%         N/A       100%        4
 Summon Ice Beast         Ice/Summ       0%         N/A       100%        4
 Agony                    Necr           0%         N/A       100%        5
 Arcjolt                  Conj/Air       0%         1d10      100%        5
 Blade Hands              Tmut           0%         N/A       100%        5
 Metabolic Englaciation   Hex/Ice        0%         N/A       100%        5
 Silence                  Hex/Air        0%         N/A       100%        5
 Yara's Violent Unravell  Hex/Tmut       0%         3d3       100%        5
 Death Channel            Necr           0%         N/A       100%        6
 Dispersal                Tloc           0%         N/A       100%        6
 Iron Shot                Conj/Erth      0%         9d1       100%        6
 Statue Form              Tmut/Erth      0%         N/A       100%        6
 Summon Cactus Giant      Summ           0%         N/A       100%        6
 Ozocubu's Refrigeration  Ice            0%         4d7       100%        7
 Borgnjor's Revivificati  Necr           0%         N/A       100%        8
 Lehudib's Crystal Spear  Conj/Erth      0%         10d2      100%        8
 Necromutation            Tmut/Necr      0%         N/A       100%        8
 Death's Door             Necr           0%         N/A       100%        9


Dungeon Overview and Level Annotations

Branches:
Dungeon (15/15)            Temple (1/1) D:5            Lair (5/5) D:9
  Swamp (4/4) Lair:3       Spider (4/4) Lair:2        Slime (0/5) Lair:4
    Orc (2/2) D:11            Elf (0/3) Orc:2        Vaults (5/5) D:14
  Crypt (0/3) Vaults:2     Depths (2/4) D:15        Ossuary (visited)
  IceCv (visited)

Altars:
Ashenzari
Cheibriados
Dithmenos
Elyvilon
Fedhas
Gozag
Hepliaklqana
Kikubaaqudgha
Makhleb
Nemelex Xobeh
Okawaru
Qazlal
Ru
Sif Muna
Trog
Uskayaw
Vehumet
Wu Jian
Xom
Yredelemnul
Zin
The Shining One
Jiyva

Shops:
D:4 *   D:6 *   Orc:2 (:[*

Portals:
Hell: Depths:1 Depths:2
Abyss: D:4 Depths:1
Pandemonium: Depths:2

Annotations:
Spider:1 3 runed translucent doors, Bobbunny's ghost, adept MiFi; SirDiesAlot's ghost, journeyman DEVM


Innate Abilities, Weirdness & Mutations

You have a pair of horns on your head.
You reflexively headbutt those who attack you in melee.
Your muscles are strong. (Str +4, Int/Dex -1)
Your spells are a little easier to cast, but a little less powerful.
You expend magic power (3 MP) to strengthen your wands.


Message History

You hear a shout!
You fly upwards.
There is a stone staircase leading down, spattered with blood here.
You feel much better.
You block the phantasmal warrior's attack.
You block the vault guard's attack. x2
The vault guard hits you but does no damage.
You block the vault guard's attack.
The vault guard hits you but does no damage. x2
The vault guard hits you with a +0 great mace!
* * * LOW HITPOINT WARNING * * *
You whack the phantasmal warrior!
The phantasmal warrior is almost destroyed.
You whack the phantasmal warrior!
You destroy the phantasmal warrior!
Makhleb accepts your kill. You block the vault guard's attack. x2
The vault guard hits you with a +0 battleaxe!
* * * LOW HITPOINT WARNING * * *
The vault guard hits you but does no damage.
You block the vault guard's attack.
The vault guard hits you but does no damage.
The vault guard barely misses you. You furiously retaliate!
You headbutt the vault guard!!
You feel much better. You block the vault guard's attack. x3
The vault guard hits you but does no damage.
The vault guard hits you with a +0 war axe!
* * * LOW HITPOINT WARNING * * *
The vault guard hits you with a +3 dire flail!
* * * LOW HITPOINT WARNING * * *
The vault guard hits you but does no damage.
You feel much better. You block the vault guard's attack.
The vault guard hits you but does no damage. x2
The vault guard hits you with a +1 vorpal great sword.
* * * LOW HITPOINT WARNING * * *
x2 You block the vault guard's attack.
The vault guard hits you with a +3 dire flail!
* * * LOW HITPOINT WARNING * * *
The vault guard hits you with a +0 great sword!
You die...

######## ## #......# #.
#......##############. #####
#......#..#.....#..##. ###...###
#...ppp#..#.....#..##. ....).†.##
#...p@p#..#..)))#..##. ..####...#
#...p[p'..####'##..##)
.######..###......#........)..##)
.#...###..##......#........)..##.
.#...###..#########........)..##.
.#...##..## #.[####'##..##.
.##......# #..#.....#..##.
..###..### #..#.....#..##.
...##### #..#.....#..##.


You could see 7 vault guards.

Vanquished Creatures
  the Lernaean hydra (Swamp:4)
  Frederick (Vaults:4)
  Saint Roka (Orc:2)
  A tentacled monstrosity (D:15)
  Mlioglotl (Spider:3)
  Jorgrun (D:13)
  A lich (Depths:2)
  Gastronok (D:9)
  3 sphinxes
  A shadow dragon (Vaults:4)
  A thorn hunter (Swamp:3)
  A tengu reaver (Vaults:1)
  Roxanne (Swamp:3)
  Donald (Swamp:2)
  4 fire giants
  5 frost giants
  Aizul (Swamp:3)
  7 emperor scorpions
  Louise (Swamp:3)
  4 ghost moths
  11 vault wardens
  3 orc warlords
  9 ironbound preservers
  2 broodmothers (Spider:3)
  27 very ugly things
  2 war gargoyles
  3 stone giants
  3 eleionomae
  3 vampire knights
  3 ironbound thunderhulks
  20 dire elephants
  A lorocyproca (Depths:2)
  5 bunyips
  6 spark wasps
  2 ettins
  A crystal guardian (Vaults:2)
  10 great orbs of eyes
  4 fire dragons
  8 entropy weavers
  2 merfolk javelineers
  25 hydras
  6 yaktaur captains
  2 caustic shrike simulacra (IceCv)
  A rakshasa (D:14)
  Erolcha (D:13)
  19 vault guards
  2 peacekeepers
  A spriggan skeleton (Depths:1)
  An ogre mage (D:15)
  Harold (D:8)
  A jorogumo (Spider:3)
  A spriggan air mage (Swamp:3)
  A catoblepas (D:14)
  3 radroaches
  9 centaur warriors
  12 ironbound frosthearts
  6 two-headed ogres
  10 alligators
  A death knight (D:15)
  A deep troll shaman (Depths:2)
  A deep troll earth mage (Vaults:4)
  9 tengu warriors
  6 boulder beetles
  2 death yaks (Lair:4)
  2 spriggan berserkers
  A deep elf knight (Spider:1)
  5 orc high priests (Orc:2)
  2 sun demons (Depths:2)
  10 hell knights
  Amaemon (Lair:2)
  A sixfirhy (Depths:2)
  11 skeletal warriors
  8 pharaoh ants
  2 sun moths
  18 deep trolls
  An iron troll (Depths:2)
  A death drake (Swamp:2)
  5 goliath frogs
  6 spriggan druids
  11 swamp dragons
  4 steelbarb worms
  2 orange crystal statues
  A deep elf archer (Spider:1)
  11 orb spiders
  5 orc knights
  A tengu zombie (Depths:1)
  2 glowing orange brains
  8 lindwurms (Vaults:1)
  12 wizards
  Pikel (D:7)
  3 harpies (Vaults:1)
  14 ironbound convokers
  14 bog bodies
  5 necromancers
  42 ugly things
  25 wolf spiders
  3 deep elf pyromancers
  A stone giant zombie (Depths:1)
  A phantasmal warrior (Vaults:4)
  4 orc sorcerers (Orc:2)
  9 will-o-the-wisps
  3 manticores
  5 cyclopes
  6 elephants
  2 moths of wrath
  Maurice (D:12)
  A rust devil (Depths:2)
  6 black mambas
  Joseph (D:8)
  2 torpor snails
  9 vault sentinels
  4 gargoyles
  An orange demon (Lair:2)
  19 cane toads
  11 komodo dragons
  3 kobold demonologists
  12 demonic crawlers
  4 freezing wraiths
  3 rime drakes
  4 efreet
  41 yaktaurs
  2 golden dragon simulacra (IceCv)
  2 ice devils (Depths:2)
  2 anaconda simulacra (IceCv)
  A hellwing (Depths:2)
  6 trolls
  2 red devils (Depths:2)
  4 tengu conjurers
  A bloated husk (Swamp:4)
  3 meliai (Spider:2)
  Grinder (D:4)
  10 tyrant leeches
  11 hornets
  26 tarantellas
  A raiju (Spider:1)
  20 blink frogs
  12 slime creatures
  38 jumping spiders
  6 vampires
  8 wraiths
  24 culicivoras
  3 shadows
  A ynoxinul (Depths:2)
  A wyvern (D:9)
  16 spriggans
  3 water elementals
  A yak (shapeshifter) (D:14)
  66 yaks
  2 steam dragons
  7 small abominations
  81 redbacks
  12 vampire mosquitoes
  5 basilisks
  Menkaure (D:5)
  9 swamp worms
  13 wargs
  A large abomination (D:14)
  3 harpy simulacra (IceCv)
  An acid dragon (D:12)
  The ghost of SirDiesAlot the Stinger, an amateur DEVM (D:4)
  8 water moccasins
  A hydra simulacrum (IceCv)
  6 swamp drakes
  An ice beast (D:8)
  A hornet zombie (D:15)
  3 ettin simulacra (IceCv)
  A sky beast (D:7)
  4 black bears
  32 orc warriors
  3 alligator simulacra (IceCv)
  6 ogres
  A boggart (Vaults:4)
  7 centaurs
  4 wolves (Orc:1)
  3 phantoms
  5 kobold brigands
  An elf zombie (Ossuary)
  28 bullfrogs
  4 scorpions
  6 wights
  10 killer bees
  A lindwurm simulacrum (IceCv)
  8 howler monkeys
  3 electric eels
  7 centaur zombies
  An iron imp (D:4)
  A hound (D:7)
  25 orc priests
  4 human zombies (Ossuary)
  Terence (D:2)
  Crazy Yiuf (D:4)
  5 hell rats (Lair:4)
  2 iguanas
  19 orc wizards
  2 mummies (Ossuary)
  2 adders
  7 gnolls
  A shadow imp (D:8)
  A white imp (D:5)
  An ufetubus (D:6)
  An adder zombie (Ossuary)
  3 worms
  A dart slug (D:4)
  77 orcs
  2 bats (D:3)
  6 endoplasms
  3 giant cockroaches
  11 goblins
  10 hobgoblins
  12 jackals
  2 quokkas
  7 ball pythons
  5 frilled lizards
  A goblin zombie (Ossuary)
  9 hobgoblin zombies (Ossuary)
  A jackal zombie (Ossuary)
  22 kobolds
  6 kobold zombies (Ossuary)
  10 orc zombies (Ossuary)
  5 rats
  A rat zombie (Ossuary)
1505 creatures vanquished.

Vanquished Creatures (collateral kills)
  A juggernaut (Depths:2)
  Bai Suzhen (Swamp:3)
  Nikola (Spider:4)
  2 ironbound thunderhulks (Vaults:4)
  2 very ugly things (Vaults:4)
  A yaktaur captain (Vaults:4)
  A hydra (Swamp:3)
  A two-headed ogre (D:13)
  An alligator (Swamp:3)
  A tengu warrior (D:15)
  A skeletal warrior (D:14)
  3 deep trolls (Vaults:4)
  A pharaoh ant (Spider:4)
  An orange crystal statue (IceCv)
  An orb spider (Spider:4)
  2 ugly things (Vaults:4)
  A vault sentinel (Vaults:4)
  A culicivora (Spider:4)
  A water elemental (Depths:2)
  2 orc warriors (Orc:2)
  A centaur (shapeshifter) (Vaults:4)
  A gnoll sergeant (D:10)
  2 electric eels (Lair:4)
  6 orcs (Orc:2)
36 creatures vanquished.

Vanquished Creatures (others)
  An entropy weaver (Spider:4)
  A deep elf pyromancer (D:14)
  A wizard (Vaults:1)
  A yaktaur (Vaults:2)
  2 bloated husks
  2 jumping spiders (Spider:4)
  2 swamp drakes (Swamp:4)
  38 foxfires
  72 fungi
  127 plants
  A withered plant (D:15)
248 creatures vanquished.

Grand Total: 1789 creatures vanquished

Notes
Turn   | Place    | Note
-------+----------+-------------------------------------------
     0 | D:1      | greenreed the Minotaur Fighter began the quest for the Orb.
     0 | D:1      | Reached XP level 1. HP: 19/19 MP: 0/0
   285 | D:1      | Reached XP level 2. HP: 27/27 MP: 1/1
   340 | D:1      | Reached skill level 4 in Fighting
   985 | D:2      | Reached XP level 3. HP: 31/33 MP: 2/2
  1213 | D:2      | Noticed Terence
  1221 | D:2      | Killed Terence
  1222 | D:2      | Reached XP level 4. HP: 41/41 MP: 3/3
  2486 | D:4      | Noticed a phantom
  2489 | D:4      | Found a broken altar of Ashenzari.
  2639 | D:4      | Found a transporter.
  2644 | D:4      | Noticed SirDiesAlot's ghost (amateur DEVM)
  2684 | D:4      | Found a blossoming altar of Fedhas.
  2804 | D:4      | Found Qoepeox's Gadget Gallery.
  2812 | D:4      | Killed a phantom
  2813 | D:4      | Reached XP level 5. HP: 44/47 MP: 4/4
  2930 | D:4      | Found a transporter.
  3046 | D:4      | Found a runed translucent door.
  3047 | D:4      | Noticed Crazy Yiuf
  3206 | D:4      | Noticed a phantom
  3220 | D:4      | Killed a phantom
  3221 | D:4      | Reached skill level 5 in Armour
  3221 | D:4      | Reached XP level 6. HP: 51/55 MP: 5/5
  3259 | D:4      | Noticed Grinder
  3259 | D:4      | Paralysed by Grinder for 5 turns
  3266 | D:4      | Paralysed by Grinder for 4 turns
  3275 | D:4      | Paralysed by Grinder for 5 turns
  3281 | D:4      | Killed Grinder
  3282 | D:4      | Reached skill level 5 in Fighting
  3282 | D:4      | Reached skill level 5 in Maces & Flails
  3282 | D:4      | Reached skill level 1 in Dodging
  3282 | D:4      | Reached skill level 5 in Shields
  3905 | D:5      | Entered Level 5 of the Dungeon
  3963 | D:5      | Reached XP level 7. HP: 61/61 MP: 6/6
  3993 | D:5      | Noticed Menkaure
  3997 | D:5      | Killed Menkaure
  4035 | D:5      | Found a bloodstained altar of Trog.
  4052 | D:5      | Reached skill level 1 in Stealth
  4090 | D:5      | Found a staircase to the Ecumenical Temple.
  4141 | Temple   | Entered the Ecumenical Temple
  4244 | Temple   | Became a worshipper of Makhleb the Destroyer
  4500 | D:5      | Found a sparkling altar of Nemelex Xobeh.
  4540 | D:5      | Reached skill level 1 in Invocations
  4613 | D:5      | Reached XP level 8. HP: 70/70 MP: 7/7
  4942 | D:6      | Found an ancient bone altar of Kikubaaqudgha.
  4947 | D:6      | Found a hazy altar of Hepliaklqana.
  5133 | D:6      | You fall into a shaft and drop 2 floors!
  5254 | D:8      | Reached * piety under Makhleb
  5255 | D:8      | Reached skill level 6 in Fighting
  5263 | D:8      | Found a sand-covered staircase.
  5283 | Ossuary  | Entered an ossuary
  5480 | Ossuary  | Reached ** piety under Makhleb
  5649 | D:8      | Reached XP level 9. HP: 60/78 MP: 10/10
  5710 | D:7      | Found a glowing silver altar of Zin.
  5710 | D:7      | Noticed Pikel
  5857 | D:7      | Killed Pikel
  5890 | D:7      | Reached skill level 7 in Fighting
  5890 | D:7      | Reached skill level 10 in Maces & Flails
  6023 | D:7      | Identified the +1 leather armour of Vehumet's Delight {rN+
                  | Will+}
  6761 | D:6      | Found Codihe's General Store.
  6877 | D:6      | Found a snail-covered altar of Cheibriados.
  7519 | D:9      | Found a staircase to the Lair.
  7519 | D:9      | Noticed Joseph
  7523 | D:9      | Noticed Harold
  7704 | D:9      | Reached *** piety under Makhleb
  7722 | D:8      | Reached XP level 10. HP: 70/88 MP: 12/12
  7733 | D:8      | Killed Joseph
  7810 | D:8      | Killed Harold
  7811 | D:8      | Reached skill level 8 in Fighting
  8007 | D:9      | Noticed Gastronok
  8055 | D:9      | Killed Gastronok
  8056 | D:9      | Reached skill level 5 in Invocations
  8387 | D:10     | Entered Level 10 of the Dungeon
  8985 | D:10     | Reached skill level 9 in Fighting
  8985 | D:10     | Reached XP level 11. HP: 91/97 MP: 14/14
  9372 | D:10     | Identified a scroll of acquirement
  9373 | D:10     | Acquired the +10 demon whip "Magrekhe" {drain, Int+2}
  9626 | D:11     | Found a staircase to the Orcish Mines.
  9673 | D:11     | Reached **** piety under Makhleb
 10353 | D:12     | Noticed Maurice
 10366 | D:12     | Killed Maurice
 10420 | D:12     | Reached skill level 10 in Fighting
 10420 | D:12     | Reached skill level 10 in Armour
 10621 | D:12     | Found a hide-covered altar of Uskayaw.
 10934 | D:13     | Noticed a two-headed ogre
 10944 | D:13     | Killed a two-headed ogre
 11051 | D:13     | Noticed a centaur warrior
 11055 | D:13     | Killed a centaur warrior
 11087 | D:13     | Noticed Jorgrun
 11103 | D:13     | Killed Jorgrun
 11104 | D:13     | Reached skill level 11 in Fighting
 11104 | D:13     | Reached XP level 12. HP: 45/110 MP: 16/16
 11390 | D:13     | Reached skill level 10 in Shields
 11421 | D:13     | Found a basalt altar of Yredelemnul.
 11661 | D:13     | Noticed a boulder beetle
 11669 | D:13     | Killed a boulder beetle
 12052 | D:13     | Noticed Erolcha
 12057 | D:13     | Killed Erolcha
 12257 | D:14     | Noticed a centaur warrior
 12262 | D:14     | Killed a centaur warrior
 12326 | D:14     | Noticed a boulder beetle
 12336 | D:14     | Killed a boulder beetle
 12366 | D:14     | Noticed a centaur warrior
 12371 | D:14     | Killed a centaur warrior
 12372 | D:14     | Reached skill level 12 in Fighting
 12731 | D:14     | Noticed a rakshasa
 12738 | D:14     | Killed a rakshasa
 12745 | D:14     | Reached XP level 13. HP: 92/119 MP: 18/18
 12751 | D:14     | Reached ***** piety under Makhleb
 12817 | D:14     | Found a shadowy altar of Dithmenos.
 12851 | D:14     | Found a runed translucent door.
 12976 | D:14     | Noticed an ironbound preserver
 12997 | D:14     | Reached skill level 13 in Fighting
 13111 | D:14     | Found a gate to the Vaults.
 13133 | D:14     | Killed an ironbound preserver
 13434 | D:14     | Reached skill level 15 in Maces & Flails
 14048 | D:14     | Noticed a white very ugly thing
 14056 | D:14     | Killed a white very ugly thing
 14163 | D:14     | Noticed a cyan very ugly thing
 14171 | D:14     | Killed a cyan very ugly thing
 14172 | D:14     | Reached skill level 10 in Invocations
 14221 | D:15     | Entered Level 15 of the Dungeon
 14376 | D:15     | Found a frozen archway.
 14388 | IceCv    | Entered an ice cave
 14441 | IceCv    | Noticed a white very ugly thing
 14453 | IceCv    | Killed a white very ugly thing
 14454 | IceCv    | Reached skill level 14 in Fighting
 14489 | IceCv    | Reached XP level 14. HP: 108/132 MP: 20/20
 14490 | IceCv    | Noticed a white very ugly thing
 14513 | IceCv    | Killed a white very ugly thing
 14635 | IceCv    | Got the Volume of the Gusty Chill
 14849 | D:15     | Noticed a tentacled monstrosity
 14856 | D:15     | Killed a tentacled monstrosity
 15612 | D:15     | Reached skill level 15 in Fighting
 15770 | D:15     | Found a staircase to the Depths.
 15770 | D:15     | Noticed a frost giant
 15777 | D:15     | Killed a frost giant
 16128 | Lair:1   | Entered Level 1 of the Lair of Beasts
 17029 | Lair:2   | Noticed Amaemon
 17038 | Lair:2   | Killed Amaemon
 17039 | Lair:2   | Reached skill level 16 in Fighting
 17392 | Lair:2   | Identified the +1 ring mail of the Original Sin {Regen+
                  | Str+3}
 17639 | Lair:2   | Found a hole to the Spider Nest.
 17862 | Lair:3   | Reached XP level 15. HP: 135/145 MP: 22/22
 17922 | Lair:3   | Found a staircase to the Swamp.
 18571 | Lair:4   | Reached ****** piety under Makhleb
 19338 | Lair:4   | You fall into a shaft and drop 1 floor!
 19338 | Lair:5   | Entered Level 5 of the Lair of Beasts
 19592 | Lair:4   | Found a staircase to the Slime Pits.
 19592 | Lair:4   | Found a viscous altar of Jiyva.
 19633 | Lair:4   | Identified the +2 leather armour of the Ward {+Blink Str-5
                  | Int+3 Dex+2}
 20048 | D:4      | Bought a tin of tremorstones (2/2) for 520 gold pieces
 20096 | D:4      | Killed Crazy Yiuf
 20154 | D:4      | Found a one-way gate to the infinite horrors of the Abyss.
 20165 | D:4      | Killed SirDiesAlot's ghost
 20656 | Lair:5   | Reached skill level 17 in Fighting
 21401 | Lair:5   | Gained mutation: Your spells are a little harder to cast,
                  | but a little more powerful. [potion of mutation]
 21401 | Lair:5   | Gained mutation: You are somewhat resistant to further
                  | mutation. [potion of mutation]
 21402 | Lair:5   | Lost mutation: Your spells are a little harder to cast, but
                  | a little more powerful. [potion of mutation]
 21402 | Lair:5   | Lost mutation: You are somewhat resistant to further
                  | mutation. [potion of mutation]
 21402 | Lair:5   | Gained mutation: You have large cloven feet. [potion of
                  | mutation]
 21402 | Lair:5   | Gained mutation: You passively map a small area around you.
                  | [potion of mutation]
 21403 | Lair:5   | Lost mutation: You have large cloven feet. [potion of
                  | mutation]
 21403 | Lair:5   | Lost mutation: You passively map a small area around you.
                  | [potion of mutation]
 21403 | Lair:5   | Gained mutation: You have large cloven feet. [potion of
                  | mutation]
 21403 | Lair:5   | Gained mutation: Your muscles are strong. (Str +4, Int/Dex
                  | -1) [potion of mutation]
 21404 | Lair:5   | Lost mutation: You have large cloven feet. [potion of
                  | mutation]
 21404 | Lair:5   | Lost mutation: Your muscles are strong. (Str +4, Int/Dex
                  | -1) [potion of mutation]
 21404 | Lair:5   | Gained mutation: You have a pair of large horns on your
                  | head. [potion of mutation]
 21404 | Lair:5   | Gained mutation: You are strong-willed. (Will+) [potion of
                  | mutation]
 21405 | Lair:5   | Lost mutation: You have a pair of large horns on your head.
                  | [potion of mutation]
 21405 | Lair:5   | Lost mutation: You are strong-willed. (Will+) [potion of
                  | mutation]
 21405 | Lair:5   | Gained mutation: Potions are less effective at restoring
                  | your health. [potion of mutation]
 21405 | Lair:5   | Gained mutation: Your mind is acute. (Int +4, Str/Dex -1)
                  | [potion of mutation]
 21405 | Lair:5   | Gained mutation: You are partially covered in iridescent
                  | scales. (AC +2) [potion of mutation]
 21406 | Lair:5   | Lost mutation: You are partially covered in iridescent
                  | scales. (AC +2) [potion of mutation]
 21406 | Lair:5   | Lost mutation: Your mind is acute. (Int +4, Str/Dex -1)
                  | [potion of mutation]
 21406 | Lair:5   | Lost mutation: Potions are less effective at restoring your
                  | health. [potion of mutation]
 21406 | Lair:5   | Gained mutation: You expend magic power (3 MP) to
                  | strengthen your wands. [potion of mutation]
 21406 | Lair:5   | Gained mutation: Your muscles are strong. (Str +4, Int/Dex
                  | -1) [potion of mutation]
 21767 | Orc:1    | Entered Level 1 of the Orcish Mines
 22119 | Orc:2    | Entered Level 2 of the Orcish Mines
 22119 | Orc:2    | Found a staircase to the Elven Halls.
 22121 | Orc:2    | Gained mutation: Your spells are a little easier to cast,
                  | but a little less powerful. [a cacodemon]
 22523 | Orc:2    | Reached XP level 16. HP: 146/154 MP: 25/25
 22625 | Orc:2    | Found Tiwnodoi's General Store.
 22626 | Orc:2    | Found Listraupu's Book Shop.
 22628 | Orc:2    | Found Edasuj's Antique Armour Shop.
 22628 | Orc:2    | Found Rigom's Antique Weapon Boutique.
 22903 | Orc:2    | Noticed Saint Roka
 22919 | Orc:2    | Killed Saint Roka
 23538 | D:6      | Bought the +1 crystal plate armour "Badeptiwu" {Fly Str+4}
                  | for 1017 gold pieces
 23728 | Spider:1 | Entered Level 1 of the Spider Nest
 23796 | Spider:1 | Reached skill level 15 in Invocations
 23874 | Spider:1 | Identified the +4 robe "Piruafuch" {rPois rC+ Regen+ Dex+4}
 23970 | Spider:1 | Reached skill level 15 in Shields
 23998 | Spider:1 | Found a runed translucent gate.
 23998 | Spider:1 | Found a runed translucent gate.
 23998 | Spider:1 | Found a runed translucent gate.
 23998 | Spider:1 | Noticed SirDiesAlot's ghost (journeyman DEVM)
 23999 | Spider:1 | Noticed Bobbunny's ghost (adept MiFi)
 24087 | Spider:1 | Reached skill level 18 in Fighting
 25134 | Spider:2 | Identified the +2 robe of Saetrohyss {Int+4}
 26789 | Spider:3 | Reached XP level 17. HP: 117/166 MP: 27/27
 26921 | Spider:3 | Noticed Mlioglotl
 26936 | Spider:3 | Killed Mlioglotl
 27257 | Spider:3 | Reached skill level 19 in Fighting
 27536 | Spider:4 | Entered Level 4 of the Spider Nest
 28036 | Spider:4 | Identified the +0 pair of gloves "Minub" {rN+ rCorr}
 28036 | Spider:4 | Noticed Nikola
 28549 | Spider:4 | Killed Nikola
 29648 | Spider:4 | Got a gossamer rune of Zot
 29654 | Spider:4 | Identified the +2 pair of boots of Negation {rN+ Will+
                  | Str+3}
 29928 | Swamp:1  | Entered Level 1 of the Swamp
 30768 | Swamp:2  | Reached XP level 18. HP: 178/178 MP: 29/29
 31014 | Swamp:2  | Noticed Donald
 31022 | Swamp:2  | Killed Donald
 31314 | Swamp:2  | Reached skill level 20 in Fighting
 31404 | Swamp:3  | Noticed Louise
 31411 | Swamp:3  | Killed Louise
 31491 | Swamp:3  | Noticed Bai Suzhen
 31504 | Swamp:3  | Noticed Aizul
 31504 | Swamp:3  | Killed Bai Suzhen
 31514 | Swamp:3  | Killed Aizul
 31583 | Swamp:3  | Got the Directory of Transmigration and the Blaze
 31666 | Swamp:3  | Noticed Roxanne
 31735 | Swamp:3  | Killed Roxanne
 32080 | Swamp:4  | Entered Level 4 of the Swamp
 32106 | Swamp:4  | Reached skill level 15 in Armour
 32893 | Swamp:4  | Noticed the 27-headed Lernaean hydra
 32898 | Swamp:4  | Killed the 27-headed Lernaean hydra
 32946 | Swamp:4  | Got a decaying rune of Zot
 33497 | Depths:1 | Entered Level 1 of the Depths
 33581 | Depths:1 | Found a shimmering altar of Xom.
 33585 | Depths:1 | Found a shimmering altar of Xom.
 33586 | Depths:1 | Found a shimmering altar of Xom.
 33587 | Depths:1 | Found a shimmering altar of Xom.
 33588 | Depths:1 | Found a shimmering altar of Xom.
 33588 | Depths:1 | Found a shimmering altar of Xom.
 33590 | Depths:1 | Found a shimmering altar of Xom.
 34048 | Depths:1 | Reached XP level 19. HP: 188/188 MP: 31/31
 34051 | Depths:1 | Found a gateway to Hell.
 35242 | Depths:2 | Reached skill level 21 in Fighting
 35668 | Depths:2 | Found an opulent altar of Gozag.
 35729 | Depths:2 | Noticed a juggernaut
 35738 | Depths:2 | Killed a juggernaut
 36327 | Depths:2 | Found a one-way gate leading to the halls of Pandemonium.
 36961 | Depths:2 | Reached skill level 22 in Fighting
 37446 | Vaults:1 | Entered Level 1 of the Vaults
 38136 | Vaults:1 | Reached XP level 20. HP: 202/202 MP: 33/33
 38695 | Vaults:1 | Reached skill level 23 in Fighting
 39736 | Vaults:2 | Found a staircase to the Crypt.
 40008 | Vaults:2 | Identified the +4 spear of Ereggah {flame, Will++}
 41122 | Vaults:3 | Identified the +10 shortbow "Kahad" {vorpal, Will+}
 41243 | Vaults:3 | Reached skill level 24 in Fighting
 41892 | Vaults:4 | Noticed Frederick
 41902 | Vaults:4 | Killed Frederick
 41903 | Vaults:4 | Reached XP level 21. HP: 167/214 MP: 34/34
 43637 | Vaults:5 | Entered Level 5 of the Vaults
 43867 | Vaults:4 | HP: 10/216 [vault guard/+3 dire flail (17)]
 43868 | Vaults:4 | Slain by a vault guard

Illustrated notes

Levels and vault maps discovered:
D:1:      minmay_arrival_four_houses, layout_loops_corners
D:2:      layout_basic, st_stairs_2, dk_noncrumbling_4, uniq_terence
D:3:      layout_loops_ring, chequers_avenue
D:4:      layout_layer_cave, fedhas_altar_2, nicolae_ashenzari_skybound,
          gammafunk_ghost_abyssal_escape, nicolae_shop_gadgets, uniq_grinder,
          uniq_crazy_yiuf_cottage
D:5:      layout_basic, trog_ov_bears_minmay, mainiacjoe_overflow_alcove_1,
          temple_pool_b, uniq_menkaure
D:6:      layout_gridville, cheibrodos_worm_habitat,
          chequers_temple_overflow_statue_of_worship, serial_shops, shop
D:7:      layout_loops_ring, nicolae_overflow_crystal_walls, serial_glass,
          glass_columns_a, glass_columns_a, glass_columns_a, glass_columns_b,
          glass_columns_a, glass_columns_c, uniq_pikel
D:8:      layout_rooms, nicolae_ossuary_entry_monument,
          minmay_misc_feat_more_columns, grunt_ministairs_11, kennysheep_dice
D:9:      layout_basic, due_lair_maze_entry_diamond, uniq_harold, uniq_joseph,
          uniq_gastronok
D:10:     layout_gridville, nicolae_figureground_pulse
D:11:     layout_basic, minmay_orc_entry_guard_dogs
D:12:     layout_long_grid, nicolae_uskayaw_murder_on_the_dancefloor,
          uniq_maurice
D:13:     layout_roguey, special_room [special_room_orc],
          yredelemnul_altar_generic, uniq_erolcha, uniq_jorgrun
D:14:     cheibrodos_body_horror, layout_basic,
          skrybe_vaults_entry_preservation, nicolae_dithmenos_the_darkroom,
          minmay_quadrilaterals
D:15:     grunt_enter_depths_snipers, layout_gridville,
          portal_ice_cave_entry_pillars_three, serial_undead, serial_undead_f,
          serial_undead_f, serial_undead_f, serial_undead_a, solitary_fountain,
          chequers_serial_rivers_large_b
Temple:   compressed_dpeg_circular_temple
Lair:1:   layout_long_grid, beast_lair_carwin_4
Lair:2:   layout_chaotic_city, nicolae_spider_entry_orb_guardian, uniq_amaemon
Lair:3:   layout_roguey, skrybe_swamp_entry_bodies
Lair:4:   layout_cave_pods, slime_entry_1, serial_bayou_shore_a,
          grunt_megastairs_1
Lair:5:   minmay_lair_end_frog_pond, layout_cave_pods
Swamp:1:  layout_basic_swamp, nicolae_swamp_tree_designs
Swamp:2:  layout_basic_swamp, evilmike_swamp_ruin_house_4, swamp_pool3,
          nicolae_swamp_little_tower, uniq_donald
Swamp:3:  layout_falls_marsh, evilmike_swamp_ruin_house_5, uniq_aizul,
          uniq_louise, uniq_bai_suzhen, uniq_roxanne
Swamp:4:  grunt_swamp_rune_castle, layout_basic_swamp, infiniplex_staircase_pool
Spider:1: layout_spider_delve, gammafunk_ghost_cemetery, drop_trap,
          beargit_elvish_explorers
Spider:2: layout_chambers
Spider:3: layout_spider_delve, nicolae_orb_stairs, uniq_mlioglotl
Spider:4: grunt_spider_rune_parallel, uniq_nikola
Orc:1:    layout_caves, mines5_lemuel
Orc:2:    st_orc_congregation, layout_caves, uniq_saint_roka
Vaults:1: v_misc_5, nicolae_vaults_little_squares_6, nicolae_vaults_asterisk,
          v_rooms_2, ontoclasm_vaults_gateway, nicolae_vaults_alarming,
          v_misc_18, vaults_standard_mumra_x, nicolae_vaults_shelves_hall,
          nicolae_vaults_back_hallway, nicolae_vaults_little_ls,
          vaults_room_guarded_vault, v_misc_26, nicolae_vaults_little_squares_3,
          nicolae_vaults_little_squares_4, layout_vaults_omnibox
Vaults:2: vaults_mumra_hex, ontoclasm_vaults_idyll, grunt_vaults_focal,
          v_rooms_3, v_misc_15, nicolae_vaults_little_squares_4, v_pattern_2,
          minmay_crypt_entry_vampire_xt, v_rooms_5, vaults_dpeg_hooks,
          layout_vaults_omnicross
Vaults:3: vaults_room_door_ring, v_misc_8, nicolae_vaults_shelves_hall,
          nicolae_vaults_bisected_slash, ontoclasm_vaults_decontamination,
          nicolae_vaults_sealed_display, vaults_dpeg_encased_lava,
          ontoclasm_vaults_eye, layout_vaults_omnigrid
Vaults:4: vaults_mumra_lcd, nicolae_vaults_minivaults, v_misc_9,
          nicolae_vaults_little_squares_1, v_misc_10,
          vaults_room_stairs_pillars, nicolae_vaults_network_square,
          vaults_room_door_ring, v_misc_2, vaults_dpeg_spiral, v_misc_11,
          ontoclasm_vaults_pinch, nicolae_vaults_circle_grid_a,
          layout_vaults_big_room, uniq_frederick
Vaults:5: serial_shops
Depths:1: layout_gridville, hell_entry, abyss_entry, serial_rivers,
          chequers_serial_rivers_micro_b, chequers_serial_rivers_large_a,
          chequers_serial_rivers_micro_d, chequers_serial_rivers_micro_e,
          nicolae_xom_altar_mimics, minivault_16, water_maze_lemuel
Depths:2: minmay_distorted_concentric_squares, layout_gridlike,
          nicolae_gozag_seed_capital, pf_coc_iceberg, grunt_pan_entry_spiral,
          minmay_misc_feat_rugged, chequers_jeans,
          minmay_staircase_windowed_small

Skill      XL: |  1  2  3  4  5  6  7  8  9 10 11 12 13 14 15 16 17 18 19 20 21 |
---------------+----------------------------------------------------------------+-----
Fighting       | 4 5 6 7 9 11 12 14 16 17 18 19 20 22 24 | 24.8
Armour         | 4 5 6 7 9 10 11 12 13 14 15 16 17 | 17.0
Shields        | 4 5 6 7 8 9 11 12 13 14 16 17 18 19 21 | 21.7
Maces & Flails | 3 4 5 7 9 11 12 13 14 15 16 | 16.0
Dodging        | 1 2 |  2.1
Stealth        | 1 2 |  2.6
Invocations    | 1 2 4 6 7 9 10 11 14 15 17 19 20 21 | 21.5
Evocations     | |  0.1

Action                   |  1- 3 |  4- 6 |  7- 9 | 10-12 | 13-15 | 16-18 | 19-21 || total
-------------------------+-------+-------+-------+-------+-------+-------+-------++-------
Melee: Whip              |    52 |    98 |   384 |   201 |       |       |       ||   735
       Flail             |     4 |       |       |       |       |       |       ||     4
       Headbutt          |    11 |    15 |    96 |   112 |   241 |   328 |   398 ||  1201
       Demon whip        |       |       |       |   281 |  1048 |  1336 |  1352 ||  4017
Invok: Minor Destruction |       |       |     6 |    26 |   118 |     1 |       ||   151
       Lesser Servant of |       |       |       |     7 |    13 |     4 |     1 ||    25
       Major Destruction |       |       |       |     1 |    22 |   174 |    19 ||   216
       Greater Servant o |       |       |       |       |     2 |     5 |     7 ||    14
Evoke: Wand              |       |       |       |     1 |       |     2 |     1 ||     4
  Use: Scroll            |       |       |       |    18 |    17 |     1 |     1 ||    37
       Potion            |       |       |       |     4 |     6 |     3 |     5 ||    18
 Stab: Distracted        |       |       |       |     1 |     1 |     2 |       ||     4
       Petrified         |       |       |       |       |     3 |       |       ||     3
       Confused          |       |       |       |       |       |     2 |       ||     2
Armor: Scale mail        |     8 |    27 |    27 |       |       |       |       ||    62
       Crystal plate arm |       |       |   138 |   136 |   356 |   744 |   407 ||  1781
Dodge: Dodged            |    19 |    13 |    58 |    59 |   107 |   269 |   147 ||   672
Block: Buckler           |    18 |    35 |   131 |    61 |       |       |       ||   245
       Reflection        |       |     5 |     2 |    16 |    15 |    22 |    78 ||   138
       Kite shield       |       |       |       |   180 |   700 |  1338 |   982 ||  3200

Table legend: (Time is in decaauts)
 A = Elapsed time spent in this place.
 B = Non-inter-level travel time spent in this place.
 C = Inter-level travel time spent in this place.
 D = Time resting spent in this place.
 E = Time spent auto-exploring this place.
 F = Levels seen in this place.
 G = Mean time per level.
                   A        B        C        D        E       F      G
               +--------+--------+--------+--------+--------+-----+--------+
         Total |  42148 |  38560 |   3588 |   3894 |  27225 |  40 | 1053.7 |
       Dungeon |  16205 |  14261 |   1944 |    672 |  11214 |  15 | 1080.3 |
        Temple |    137 |     78 |     59 |      0 |     63 |   1 |  137.0 |
          Lair |   5270 |   4489 |    781 |     36 |   3546 |   5 | 1054.0 |
         Swamp |   3180 |   3008 |    172 |    442 |   1938 |   4 |  795.0 |
   Spider Nest |   5779 |   5619 |    160 |   1623 |   2831 |   4 | 1444.8 |
  Orcish Mines |   1404 |   1342 |     62 |    170 |    866 |   2 |  702.0 |
        Vaults |   5989 |   5781 |    208 |    495 |   4298 |   5 | 1197.8 |
        Depths |   3606 |   3406 |    200 |    378 |   2261 |   2 | 1803.0 |
       Ossuary |    299 |    299 |      0 |      0 |    165 |   1 |  299.0 |
      Ice Cave |    274 |    274 |      0 |     78 |     43 |   1 |  274.0 |
               +--------+--------+--------+--------+--------+-----+--------+

Top non-repeatable levels by time:
Spider:2: 2230 daAuts
Vaults:4: 2173 daAuts
Depths:1: 1914 daAuts
    D:14: 1833 daAuts
     D:4: 1695 daAuts
Depths:2: 1692 daAuts
Spider:3: 1655 daAuts
    D:15: 1587 daAuts
    D:13: 1440 daAuts
Vaults:1: 1431 daAuts
Vaults:3: 1327 daAuts
  Lair:4: 1295 daAuts
Spider:4: 1233 daAuts
    D:10: 1174 daAuts
 Swamp:3: 1106 daAuts
